Unix NetHack Version 3.7.0-83 Work-in-progress - last build Apr 28 2023 22:06:38 (2625824c38750939014cf799bb7ff71c9e9c2d48,branch:master). Game began 2023-05-04 13:02:37, ended 2023-05-04 15:07:45. MaestroSpook, neutral male human Monk ------------- # |.........}.-# ---.---------- ########....>...`{..|#####.............| ---------------- # -.-----------# |`...........| |..............| # ### #### |............| |...............## # # # |......%.....| |..............| #### # # |.........@p.| #................#### # # -.-------d---- #---------------- # ##### # ## # # # # # # # -----------.- # ### ### # ## |...........| # ### # # ####............| # -.-.---- ## |...........| #-------# |......| ------# |...........| #|......######-......| |....|# ------------- #......|# |..<...| |....|# |.....| +......| |....-# |.....| -------- ------ ------- MaestroSpook the Novice St:13 Dx:15 Co:13 In:9 Wi:17 Ch:12 Neutral Dlvl:5 $:20 HP:0(33) Pw:25(25) AC:7 Xp:4/145 T:3355 Latest messages: You try to crawl out of the water. Pheew! That was close. You fall into the pool of water! You sink like a rock. You try to crawl out of the water. Pheew! That was close. You fall into the pool of water! You sink like a rock. Your spear named ammo rusts completely! You try to crawl out of the water. Pheew! That was close. You fall into the pool of water! You sink like a rock. You try to crawl out of the water. Pheew! That was close. You fall into the pool of water! You sink like a rock. You try to crawl out of the water. Pheew! That was close. You fall into the pool of water! You sink like a rock. You try to crawl out of the water. Pheew! That was close. You fall into the pool of water! You sink like a rock. You try to crawl out of the water. Pheew! That was close. You fall into the pool of water! You sink like a rock. You try to crawl out of the water. Pheew! That was close. You fall into the pool of water! You sink like a rock. You try to crawl out of the water. Pheew! That was close. The werejackal hits! The werejackal hits! The rock piercer bites! The werejackal changes into a jackal. The werejackal bites! The werejackal misses! The werejackal bites! The werejackal bites! Double m prefix, canceled. You already found a monster. Use 'm' prefix to force another search. The werejackal bites! Double m prefix, canceled. You already found a monster. Use 'm' prefix to force another search. The werejackal bites! You die... Inventory: Coins ('$') $ - 20 gold pieces Weapons (')') m - a blessed thoroughly rusty +0 spear named ammo Armor ('[') a - an uncursed +2 pair of leather gloves (being worn) f - an uncursed thoroughly rusty +0 pair of iron shoes Comestibles ('%') g - an uncursed food ration w - 5 uncursed food rations j - an uncursed orange N - an uncursed tripe ration p - an uncursed lichen corpse Scrolls ('?') d - a blessed scroll of blank paper h - a blessed scroll of blank paper H - a blessed scroll of blank paper l - an uncursed scroll of blank paper q - an uncursed scroll of blank paper A - an uncursed scroll of blank paper L - an uncursed scroll of blank paper Spellbooks ('+') c - a blessed spellbook of blank paper Potions ('!') k - an uncursed potion of water v - an uncursed potion of water x - an uncursed potion of water C - an uncursed potion of water F - an uncursed potion of water K - an uncursed potion of water Wands ('/') B - an uncursed wand of undead turning (0:4) Tools ('(') r - an uncursed skeleton key MaestroSpook the Monk's attributes: Background: You were a Novice, a level 4 male human Monk. You were neutral, nominally on a mission for Chih Sung-tzu who was opposed by Shan Lai Ching (lawful) and Huan Ti (chaotic). You were in the Dungeons of Doom, on level 5. You entered the dungeon 3355 turns ago. There was a full moon in effect when your adventure ended. You had 145 experience points, 15 more were needed to attain level 5. Basics: You had 0 out of 33 hit points. You had all 25 energy points (spell power). Your armor class was 7. Your wallet contained 20 zorkmids. Autopickup was on for '$%?!"=/*', with exceptions. Final Characteristics: Your strength was 13 (limit:18/100). Your dexterity was 15 (limit:18). Your constitution was 13 (limit:18). Your intelligence was 9 (limit:18). Your wisdom was 17 (limit:18). Your charisma was 12 (limit:18). Final Status: You were not hungry. You were unencumbered. You were empty handed. You had basic skill with martial arts. Final Attributes: You were piously aligned. You were sleep resistant. You were poison resistant. You saw invisible. You were telepathic. You were fast. You were lucky. You are dead. Miscellaneous: You disabled loading of bones levels. Total elapsed playing time was 36 minutes and 38 seconds. Major events: Turn 1: MaestroSpook the neutral male human Monk entered the dungeon 1757: attained the rank of Novice (level 3) 3355: killed by a werejackal Vanquished creatures: a leprechaun a rock piercer a shrieker a floating eye a dwarf an acid blob a gas spore a hobbit a large kobold a hobgoblin a cave spider a gnome zombie 2 geckos 3 foxes 2 kobolds 5 grid bugs 2 lichens a kobold zombie 10 newts 37 creatures vanquished. No species were genocided or became extinct. Voluntary challenges: You were an atheist. You never hit with a wielded weapon. You read items or engraved 7 times. You engraved Elbereth 1 time. You never genocided any monsters. You never polymorphed an object. You never changed form. You used no wishes. Achievements: You entered a shop. You attained the rank of Novice. The Dungeons of Doom: levels 1 to 6 Level 1: Level 2: A general store. Level 3: Level 4: Level 5: <- You were here. A fountain. Final resting place for you, killed by a werejackal. Level 6: Game over: ---------- / \ / REST \ / IN \ / PEACE \ / \ | MaestroSpook | | 20 Au | | killed by a | | werejackal | | | | | | 2023 | *| * * * | * _________)/\\_//(\/(/\)/\//\/|_)_______ Goodbye MaestroSpook the Monk... You died in The Dungeons of Doom on dungeon level 5 with 858 points, and 20 pieces of gold, after 3355 moves. You were level 4 with a maximum of 33 hit points when you died.